 Dungeon Crawl Stone Soup version 0.19-a0-965-g50bf062 (webtiles) character file.

17838 Arkorax the Cleaver (level 12, -1/169 HPs)
             Began as a Minotaur Berserker on July 12, 2016.
             Was a High Priest of Trog.
             Slain by a phantasmal warrior (15 damage)
             ... led by a death knight
             ... on level 13 of the Dungeon.
             The game lasted 00:12:44 (11617 turns).

Arkorax the Cleaver (Minotaur Berserker)           Turns: 11617, Time: 00:12:45

Health: -1/169     AC: 21    Str: 28    XL:     12   Next: 22%
Magic:  11/11      EV: 14    Int:  4    God:    Trog [*****.]
Gold:   846        SH:  0    Dex: 14    Spells: 0 memorised, 11 levels left

rFire  . . .     SeeInvis .     d - +3 executioner's axe (distort)
rCold  . . .     Gourm    .     F - +1 plate armour
rNeg   + . .     Faith    .     (shield currently unavailable)
rPois  .         Spirit   .     K - +1 hat
rElec  .         Dismiss  .     D - +1 cloak
rCorr  .         Reflect  .     (no gloves)
SustAt .         Harm     .     E - +0 pair of boots
MR     +....                    w - amulet of magic regeneration
Stlth  ..........               H - ring of positive energy
                                o - +3 ring of slaying

@: berserking (expiring), vulnerable, regenerating, very quick, somewhat
resistant to hostile enchantments, extremely unstealthy
A: retaliatory headbutt, horns 2
a: Berserk, Trog's Hand, Brothers in Arms, Burn Spellbooks, Renounce Religion


You were on level 13 of the Dungeon.
You worshipped Trog.
Trog was extremely pleased with you.
You were very hungry.

You visited 1 branch of the dungeon, and saw 13 of its levels.

You collected 846 gold pieces.

Inventory:

Hand Weapons
 b - a +0 hand axe of flaming
 d - a +3 executioner's axe of distortion (weapon)
 Y - a +4 war axe
Missiles
 P - 4 throwing nets (quivered)
Armour
 D - a +1 cloak (worn)
 E - a +0 pair of boots (worn)
 F - a +1 plate armour (worn)
 K - a +1 hat (worn)
Jewellery
 o - a +3 ring of slaying (left hand)
 s - an uncursed ring of stealth
 w - an amulet of magic regeneration (around neck)
 H - a ring of positive energy (right hand)
 T - the ring "Cytin" {Fire rN++ Stlth+}
   (You found it on level 8 of the Dungeon)

   [ring of fire]

   It enhances your fire magic, and weakens your ice magic.
   It protects you from fire.
   It makes you vulnerable to cold.
   It greatly protects you from negative energy.
   It makes you more stealthy.
Wands
 a - a wand of paralysis (12/24)
 I - a wand of paralysis (17/24)
 R - a wand of polymorph (10/24)
 V - a wand of digging (14/24)
 W - a wand of teleportation (5/9)
Scrolls
 f - 3 scrolls of magic mapping
 h - 2 scrolls of enchant armour
 i - 4 scrolls of teleportation
 l - 14 scrolls of identify
 v - 6 scrolls of remove curse
 B - 6 scrolls of recharging
 X - a scroll of blinking
Potions
 e - 7 potions of might {unknown}
 g - 3 potions of mutation {unknown}
 j - 4 potions of invisibility {unknown}
 m - 3 potions of flight {unknown}
 p - 3 potions of resistance {unknown}
 r - 6 potions of curing
 t - 4 potions of heal wounds {unknown}
 C - 3 potions of agility {unknown}
 J - 2 potions of magic {unknown}
 N - 2 potions of degeneration {unknown}
 O - a potion of cancellation {unknown}
 Q - 2 potions of ambrosia {unknown}
 S - a potion of cure mutation {unknown}
Comestibles
 k - 9 beef jerkies
 n - 4 fruits
 A - 3 meat rations
 G - 3 royal jellies
 M - 5 bread rations
 U - a slice of pizza


   Skills:
 + Level 12.3 Fighting
 * Level 12.7 Axes
 + Level 12.3 Armour
 + Level 10.8 Dodging


You had 11 spell levels left.
You didn't know any spells.

Dungeon Overview and Level Annotations

Branches:
Dungeon (13/15)            Temple (0/1) D:6            Lair (0/6) D:9
    Orc (0/2) D:12         Vaults (0/5) D:13

Altars:
Cheibriados
Dithmenos
Elyvilon
Pakellas
Trog
Vehumet
Yredelemnul
Zin
The Shining One

Shops:
D:9 %

Portals:
Ossuary: D:8


Innate Abilities, Weirdness & Mutations

You reflexively headbutt those who attack you in melee.
You have a pair of horns on your head.


Message History

You slice the death knight!!
You kill the death knight!
Trog accepts your kill.
You hit the phantasmal warrior.
Space bends around the phantasmal warrior.
The phantasmal warrior hits you but does no damage.
The wraith closely misses you. You furiously retaliate!
You headbutt the wraith! The phantasmal warrior hits you!
* * * LOW HITPOINT WARNING * * *
All of the chunks of flesh in your inventory have rotted away.
Things that are here:
an enchanted great mace; a plate armour; a human corpse You slash the wraith!
Your headbutt misses the wraith.
The wraith is almost destroyed.
You barely miss the phantasmal warrior.
The wraith blinks!
The phantasmal warrior barely misses you.
You barely miss the phantasmal warrior.
The phantasmal warrior is almost destroyed.
The phantasmal warrior hits you!
You die...

.. .........#.. ..#
........... #..#
#.......... #.. ......W#..
#. #......... # .........
#ยง....# .# #########@W#
..# # ..........## #..#
### ........## #..###..
#.###......### ###.......
#..####......####........#
.........................#
####.....................#
#......##.....>........
##.....##..............


You could see a phantasmal warrior and a wraith.

Vanquished Creatures
  Rupert (D:13)
  Nessos (D:13)
  A hydra (D:12)
  A death knight (D:13)
  Urug (D:11)
  Nergalle (D:11)
  An orc knight (D:13)
  A hill giant (D:10)
  A cyclops (D:12)
  Joseph (D:9)
  A freezing wraith (D:13)
  A two-headed ogre (D:12)
  A troll (D:9)
  A wyvern (D:12)
  Sigmund (D:5)
  A wraith (D:12)
  4 yaks (D:11)
  3 hungry ghosts
  A basilisk (D:11)
  15 humans (D:13)
  A steam dragon (D:10)
  Edmund (D:5)
  6 orc warriors
  2 phantoms
  2 sky beasts
  An eye of draining (D:12)
  A black bear (D:12)
  3 wolves (D:9)
  7 ogres
  A necrophage (D:9)
  6 centaurs
  3 big kobolds
  8 giant frogs
  A wyvern zombie (D:12)
  2 wyvern skeletons
  5 killer bees (D:9)
  3 scorpions
  3 electric eels
  9 wights
  4 howler monkeys
  4 crimson imps
  5 centaur zombies
  3 jellies
  7 hounds
  Crazy Yiuf (D:6)
  A centaur skeleton (D:6)
  8 orc priests
  4 giant frog zombies
  4 giant frog skeletons
  11 orc wizards
  4 worker ants
  4 hound skeletons
  A mummy (D:8)
  The ghost of Vergil the Sneak, a weakling SpEn (D:3)
  10 adders
  3 shadow imps
  2 oozes
  3 worms
  8 giant geckos
  54 orcs
  5 giant cockroaches
  8 goblins
  8 hobgoblins
  4 jackals
  3 quokkas
  A ball python (D:3)
  6 bats
  A giant gecko skeleton (D:6)
  4 giant newts
  15 kobolds
  A quokka skeleton (D:7)
  A quokka zombie (D:5)
  5 rats
308 creatures vanquished.

Vanquished Creatures (others)
  A jackal (D:9)
1 creature vanquished.

Grand Total: 309 creatures vanquished

Notes
Turn   | Place    | Note
-------+----------+-------------------------------------------
     0 | D:1      | Arkorax the Minotaur Berserker began the quest for the Orb.
     0 | D:1      | Reached XP level 1. HP: 19/19 MP: 0/0
   107 | D:1      | Reached XP level 2. HP: 24/27 MP: 1/1
   816 | D:2      | Reached XP level 3. HP: 26/33 MP: 2/2
   843 | D:2      | Reached ** piety under Trog
  1505 | D:3      | Reached XP level 4. HP: 37/40 MP: 3/3
  1565 | D:3      | Reached XP level 5. HP: 20/46 MP: 4/4
  1793 | D:3      | Noticed an ogre
  1799 | D:3      | Killed an ogre
  2096 | D:3      | Noticed Vergil's ghost (weakling SpEn)
  2101 | D:3      | Killed Vergil's ghost
  2101 | D:3      | Reached skill level 5 in Axes
  2245 | D:3      | Found a faded altar of an unknown god.
  2378 | D:4      | Found a glowing silver altar of Zin.
  2382 | D:4      | Noticed an ogre
  2382 | D:4      | Reached XP level 6. HP: 48/55 MP: 5/5
  2383 | D:4      | Found a basalt altar of Yredelemnul.
  2387 | D:4      | Reached skill level 5 in Fighting
  2401 | D:4      | Found a white marble altar of Elyvilon.
  2402 | D:4      | Found a shadowy altar of Dithmenos.
  2407 | D:4      | Found an oddly glowing altar of Pakellas.
  2474 | D:4      | Reached skill level 5 in Armour
  2548 | D:4      | Reached XP level 7. HP: 42/61 MP: 6/6
  2552 | D:4      | Reached *** piety under Trog
  2963 | D:5      | Entered Level 5 of the Dungeon
  2976 | D:5      | Reached skill level 5 in Dodging
  3141 | D:5      | Found a glowing golden altar of the Shining One.
  3156 | D:5      | Noticed Sigmund
  3169 | D:5      | Killed Sigmund
  3169 | D:5      | Reached XP level 8. HP: 71/71 MP: 7/7
  3193 | D:5      | Noticed Edmund
  3201 | D:5      | Killed Edmund
  3496 | D:5      | Found a bloodstained altar of Trog.
  3948 | D:6      | Reached **** piety under Trog
  4165 | D:6      | Found a staircase to the Ecumenical Temple.
  4190 | D:6      | Found a runed door.
  4785 | D:6      | Noticed Crazy Yiuf
  4789 | D:6      | Killed Crazy Yiuf
  4842 | D:7      | Reached XP level 9. HP: 35/81 MP: 8/8
  5854 | D:8      | Got a slimy platinum ring
  5985 | D:8      | Found a sand-covered staircase.
  6395 | D:9      | Noticed a troll
  6402 | D:9      | Killed a troll
  6511 | D:9      | Found a staircase to the Lair.
  6553 | D:9      | Found Eriwyero's Food Shop.
  6609 | D:9      | Reached XP level 10. HP: 91/91 MP: 9/9
  6621 | D:9      | Identified the ring "Cytin" {Fire rN++ Stlth+} (You found it on level 8 of the Dungeon)
  7019 | D:9      | Noticed Joseph
  7048 | D:9      | Killed Joseph
  7303 | D:9      | Found a snail-covered altar of Cheibriados.
  7417 | D:10     | Entered Level 10 of the Dungeon
  7534 | D:10     | Reached skill level 10 in Axes
  7609 | D:10     | Reached ***** piety under Trog
  7737 | D:10     | Reached skill level 10 in Fighting
  7770 | D:10     | Found a radiant altar of Vehumet.
  8380 | D:10     | Noticed a hill giant
  8386 | D:10     | Killed a hill giant
  8386 | D:10     | Reached skill level 10 in Armour
  8571 | D:11     | Noticed Nergalle
  8583 | D:11     | Killed Nergalle
  8832 | D:11     | Noticed Urug
  8846 | D:11     | Killed Urug
  8846 | D:11     | Reached XP level 11. HP: 84/101 MP: 10/10
  9366 | D:12     | Found a staircase to the Orcish Mines.
  9473 | D:12     | Noticed a four-headed hydra
  9481 | D:12     | Killed a seven-headed hydra
  9646 | D:13     | Found a gate to the Vaults.
  9646 | D:13     | Noticed a hill giant
  9646 | D:13     | Noticed an orc knight
  9646 | D:13     | Noticed Rupert
  9646 | D:13     | Noticed Nessos
 11056 | D:13     | Killed an orc knight
 11056 | D:13     | Reached skill level 10 in Dodging
 11260 | D:13     | Killed Nessos
 11413 | D:13     | Killed Rupert
 11413 | D:13     | Reached XP level 12. HP: 112/112 MP: 11/11
 11429 | D:13     | Received a gift from Trog
 11604 | D:13     | Noticed a death knight
 11614 | D:13     | Killed a death knight
 11617 | D:13     | Slain by a phantasmal warrior

Vault maps used:
D:1:      minmay_arrival_cross
D:2:      first_bread
D:3:      ecumenical_altar_1
D:4:      minitemple
D:5:      nicolae_overflow_hidden_temple, nicolae_tso_carved_into_rock,
          uniq_edmund, uniq_sigmund
D:6:      nrook_pool_corridor, uniq_crazy_yiuf_cottage
D:7:      grunt_ogre_cave, minmay_misc_feat_nine_boxes
D:8:      gup_ossuary_entry_pyramid, minivault_24
D:9:      marbit_many_paths, erik_lair_island, serial_shops, shop,
          hangedman_abyss_or_decor_slice, uniq_joseph
D:10:     basic_altar
D:11:     uniq_urug, uniq_nergalle
D:12:     david_orc_3
D:13:     david_vaults_3, portal_ice_cave_rime

Skill      XL: |  1  2  3  4  5  6  7  8  9 10 11 |
---------------+----------------------------------+-----
Armour         | 3 4 5 6 7 9 10 12 | 12.3
Axes           | 4 5 6 7 9 10 12 | 12.7
Fighting       | 4 5 6 7 9 10 12 | 12.3
Dodging        | 3 4 5 6 7 9 10 | 10.8

Action                   |  1- 3 |  4- 6 |  7- 9 | 10-12 || total
-------------------------+-------+-------+-------+-------++-------
Melee: Hand axe          |    82 |    74 |   284 |   274 ||   714
       Headbutt          |    16 |     8 |    69 |   112 ||   205
       War axe           |       |       |       |   137 ||   137
       Executioner's axe |       |       |       |    33 ||    33
Invok: Berserk           |       |     1 |     3 |     5 ||     9
       Trog's Hand       |       |     1 |     3 |     4 ||     8
       Burn Spellbooks   |       |       |       |     3 ||     3
Evoke: Wand              |       |       |     4 |     1 ||     5
  Use: Scroll            |       |       |     7 |    10 ||    17
 Stab: Sleeping          |     1 |       |       |       ||     1
       Paralysed         |       |       |     4 |     6 ||    10
  Eat: Chunk             |     2 |     2 |    10 |     8 ||    22
       Bread ration      |       |     1 |     2 |       ||     3
       Beef jerky        |       |       |     1 |     1 ||     2
       Meat ration       |       |       |       |     3 ||     3
Armor: Animal skin       |    10 |       |       |       ||    10
       Leather armour    |     2 |     2 |       |       ||     4
       Chain mail        |       |    16 |    38 |       ||    54
       Plate armour      |       |       |   111 |   198 ||   309
Dodge: Dodged            |    54 |    24 |   122 |   201 ||   401
